 Dungeon Crawl Stone Soup version 0.31-a0-145-g046c7d2549 (webtiles) character file.

Game seed: 7079224543450551365

26 Darkkill the Shooter (level 2, 0/26 HPs)
             Began as a Minotaur Hunter on June 5, 2023.
             Slain by an ogre
             ... wielding a +0 giant club
              (26 damage)
             ... on level 2 of the Dungeon.
             The game lasted 00:00:31 (432 turns).

Darkkill the Shooter (Minotaur Hunter)               Turns: 432, Time: 00:00:31

Health: 0/26       AC:  3    Str: 15    XL:     2   Next: 89%
Magic:  1/1        EV: 12    Int:  6    God:
Gold:   23         SH:  0    Dex: 13    Spells: 1/1 levels left

rFire   . . .        a - +0 shortbow
rCold   . . .        (shield currently unavailable)
rNeg    . . .        c - +0 leather armour
rPois   .            (helmet restricted)
rElec   .            (no cloak)
rCorr   .            (no gloves)
SInv    .            (no boots)
Will    .....        (no amulet)
Stlth   +            (no ring)
HPRegen 0.24/turn    (no ring)
MPRegen 0.07/turn

%: no passive effects
@: no status effects
A: horns 2, retaliatory headbutt
a: no special abilities


You were on level 2 of the Dungeon.
You visited 1 branch of the dungeon, and saw 2 of its levels.

You collected 23 gold pieces.

Inventory:

Hand Weapons
 a - a +0 shortbow (weapon)
Missiles
 j - 11 stones
Armour
 c - a +0 leather armour (worn)
Scrolls
 e - a scroll of torment {unknown}
 g - a scroll of acquirement {unknown}
 h - a scroll of identify {unknown}
Potions
 d - 2 potions of ambrosia {unknown}
 f - a potion of curing {unknown}
 i - a potion of heal wounds {unknown}


   Skills:
 + Level 3.0 Fighting
 + Level 4.6 Ranged Weapons
 + Level 2.6 Dodging
 + Level 1.3 Stealth


You had one spell level left.
You didn't know any spells.
Your spell library contained the following spells:

 Spells                   Type           Power      Damage    Failure   Level
 Ozocubu's Armour         Ice            0%         N/A       88%         3
 Ozocubu's Refrigeration  Ice            0%         4d7       100%        7


Dungeon Overview and Level Annotations

Branches:
Dungeon (1/15)

Altars:
Qazlal


Innate Abilities, Weirdness & Mutations

You have a pair of horns on your head.
You reflexively headbutt those who attack you in melee.


Message History

You shoot an arrow. The arrow hits the goblin.
The goblin is heavily wounded.
A goblin is nearby!
You shoot an arrow. The arrow hits the goblin.
You kill the goblin!
A hobgoblin comes into view.
The hobgoblin shouts!
Things that are here:
a +0 club; 4 stones; a kobold corpse A hobgoblin is nearby!
You shoot an arrow. The arrow hits the hobgoblin.
The hobgoblin is almost dead.
You shoot an arrow. The arrow hits the hobgoblin.
You kill the hobgoblin!
Your Fighting skill increases to level 3!
j - 4 stones
Things that are here:
a +0 club; a kobold corpse You see here a +0 hand axe.
d - 2 emerald potions (gained 1)
You pick up Ozocubu's Autobiography and begin reading...
You add the spells Ozocubu's Armour and Ozocubu's Refrigeration to your library.
A sourceless malevolence fills the Dungeon...
You fall into a shaft and drop 1 floor!
The shaft crumbles and collapses.
A ball python comes into view.
The ball python hisses angrily.
You hear a shout! x2
You shoot an arrow.
The arrow hits the ball python but does no damage.
You shoot an arrow.
The arrow barely misses the ball python.
A ball python is nearby!
A ball python is nearby!
You shoot an arrow. The arrow hits the ball python!
You kill the ball python!
A frilled lizard comes into view.
You shoot an arrow. The frilled lizard hisses angrily.
The arrow hits the frilled lizard.
You kill the frilled lizard!
No target in view!
You see here a frilled lizard corpse.
j - 11 stones (gained 7)
An ogre comes into view. It is wielding a +0 giant club.
You shoot an arrow. The arrow hits the ogre!
The ogre shouts!
The ogre is moderately wounded.
An ogre is nearby!
You shoot an arrow. The arrow barely misses the ogre.
An ogre is nearby!
You shoot an arrow. The arrow barely misses the ogre.
An ogre is nearby!
Read: scroll of butterflies
Press: ? - help, Q - select action, (/) - cycle Dir - look around, f - activate Look: an ogre, wielding a +0 giant club (moderately wounded)
As you read the scroll of butterflies, it crumbles to dust.
You hear the flapping of tiny wings.
The ogre is knocked back by the sudden gust.
You swap places.
The ogre hits your butterfly with a +0 giant club!!
Your butterfly dies!
Your butterfly disappears in a burst of colours!
You swap places.
You swap places.
You swap places.
You swap places.
You swap places.
Something misses your butterfly.
You swap places.
Something hits your butterfly!
Your butterfly dies!
Your butterfly disappears in a burst of colours!
You see here a frilled lizard corpse.
You swap places.
Found a stormy altar of Qazlal.
You swap places.
A hobgoblin comes into view.
Found a ring mail and 11 gold pieces.
Found a smoky red potion.
Found 11 gold pieces.
The hobgoblin barely misses your butterfly.
The hobgoblin barely misses your butterfly.
The hobgoblin barely misses your butterfly.
The hobgoblin misses your butterfly.
Your butterfly disappears in a burst of colours!
Your butterfly disappears in a burst of colours!
A hobgoblin comes into view.
You see here 11 gold pieces.
The hobgoblin attacks as you move away! The hobgoblin hits you.
You shoot an arrow. The arrow closely misses the hobgoblin.
The hobgoblin hits you but does no damage.
You shoot an arrow. The arrow hits the hobgoblin!
You kill the hobgoblin!
The hobgoblin barely misses you. You furiously retaliate!
You headbutt the hobgoblin!
You kill the hobgoblin!
Your butterfly disappears in a burst of colours!
There is a large open door here.
You see here a scroll labelled NEGUCL UCHASAOVO.
There is a large open door here.
The ogre hits you with a +0 giant club!!
Ouch! That really hurt!
You die...

##...$..#.#[..#.#.####.#.
#.....!.#.$...#.# .#.
##.##?#.#.....#.# .#.
#.##'#.###...... .##
##.....# .....
##.....###.#..
#'.........#
##....O#####...
#.....@.....#
#....######## #......
#######.# #


You could see an ogre.

Vanquished Creatures
  A dart slug (D:1)
  A bat (D:1)
  2 endoplasms (D:1)
  A giant cockroach (D:1)
  A goblin (D:1)
  6 hobgoblins
  A quokka (D:1)
  A ball python (D:2)
  2 frilled lizards
  3 kobolds (D:1)
  2 rats (D:1)
21 creatures vanquished.

Notes
Turn   | Place    | Note
-------+----------+-------------------------------------------
     0 | D:1      | Darkkill the Minotaur Hunter began the quest for the Orb.
     0 | D:1      | Reached XP level 1. HP: 18/18 MP: 0/0
    29 | D:1      | Reached skill level 1 in Stealth
   189 | D:1      | Reached XP level 2. HP: 25/25 MP: 1/1
   353 | D:1      | You fall into a shaft and drop 1 floor!
   379 | D:2      | Noticed an ogre
   391 | D:2      | Found a stormy altar of Qazlal.
   432 | D:2      | Slain by an ogre

Illustrated notes

Levels and vault maps discovered:
D:1:      scummos_arrival_forest, layout_basic, serial_curves, eino_curves_01,
          eino_curves_02, eino_curves_03
D:2:      minmay_evil_eye, layout_basic, basic_altar,
          minmay_misc_feat_nine_boxes, grunt_decor_resistance

Skill      XL: |  1  2 |
---------------+-------+-----
Stealth        | 1 |  1.3
Fighting       | 3 |  3.0
Ranged Weapons | |  4.6
Dodging        | |  2.6

Action                     || total
---------------------------++-------
   Fire: Shortbow          ||    50
    Use: Scroll            ||     1
 Armour: Leather armour    ||     4
  Dodge: Dodged            ||     6

Table legend: (Time is in decaauts)
 A = Elapsed time spent in this place.
 B = Non-inter-level travel time spent in this place.
 C = Inter-level travel time spent in this place.
 D = Time resting spent in this place.
 E = Time spent auto-exploring this place.
 F = Levels seen in this place.
 G = Mean time per level.
                   A        B        C        D        E       F      G
               +--------+--------+--------+--------+--------+-----+--------+
         Total |    442 |    442 |      0 |      0 |    307 |   2 |  221.0 |
       Dungeon |    442 |    442 |      0 |      0 |    307 |   2 |  221.0 |
               +--------+--------+--------+--------+--------+-----+--------+

Top non-repeatable levels by time:
     D:1: 361 daAuts
     D:2: 80 daAuts

Levels and vault maps discovered:
D:1:      scummos_arrival_forest, layout_basic, serial_curves, eino_curves_01,
          eino_curves_02, eino_curves_03
D:2:      minmay_evil_eye, layout_basic, basic_altar,
          minmay_misc_feat_nine_boxes, grunt_decor_resistance

Table legend: (Time is in decaauts)
 A = Elapsed time spent in this place.
 B = Non-inter-level travel time spent in this place.
 C = Inter-level travel time spent in this place.
 D = Time resting spent in this place.
 E = Time spent auto-exploring this place.
 F = Levels seen in this place.
 G = Mean time per level.
                   A        B        C        D        E       F      G
               +--------+--------+--------+--------+--------+-----+--------+
         Total |    442 |    442 |      0 |      0 |    307 |   2 |  221.0 |
       Dungeon |    442 |    442 |      0 |      0 |    307 |   2 |  221.0 |
               +--------+--------+--------+--------+--------+-----+--------+

Top non-repeatable levels by time:
     D:1: 361 daAuts
     D:2: 80 daAuts

Table legend:
 A = Kills in this place as a percentage of kills in the entire game.
 B = Kills by you in this place as a percentage of kills by you in the entire game.
 C = Kills by friends in this place as a percentage of kills by friends in the entire game.
 D = Other kills in this place as a percentage of other kills in the entire game.
 E = Experience gained in this place as a percentage of experience gained in the entire game.
 F = Experience gained in this place divided by the number of levels of this place that you have seen.
                   A       B       C       D       E      F
               +-------+-------+-------+-------+-------+----------------------
         Total | 100.0 | 100.0 |   N/A |   N/A | 100.0 |  19.0
       Dungeon | 100.0 | 100.0 |   N/A |   N/A | 100.0 |  19.0
               +-------+-------+-------+-------+-------+----------------------
